 Dungeon Crawl Stone Soup version 0.17-a0-1092-gc664a5b (console) character file.

37 Monkaria the Skirmisher (level 3, -2/30 HPs)
             Began as a Demonspawn Chaos Knight on May 20, 2015.
             Slain by a goblin (4 damage)
             ... led by Robin
             ... on level 2 of the Dungeon.
             The game lasted 00:01:38 (950 turns).

Monkaria the Skirmisher (Demonspawn Chaos Knight)    Turns: 950, Time: 00:01:38

Health: -2/30      AC:  5    Str: 13    XL:     3   Next: 23%
Magic:  3/3        EV: 11    Int: 13    God:    Xom [....*.]
Gold:   42         SH:  0    Dex: 12    Spells: 0 memorised, 2 levels left

rFire  . . .     SeeInvis .     a - +0 falchion (chaos)
rCold  + . .     Clarity  .     b - +2 leather armour
rNeg   . . .     SustAb   .     (no shield)
rPois  .         Gourm    .     (helmet restricted)
rElec  .         Spirit   .     (no cloak)
rCorr  .         Warding  .     (no gloves)
rMut   .         Stasis   .     (no boots)
MR     .....                    (no amulet)
Stlth  +.........               (no ring)
                                (no ring)

@: not resistant to hostile enchantments, very unstealthy
A: antennae 1, cold resistance 1
a: Renounce Religion


You were on level 2 of the Dungeon.
You worshipped Xom.
You were a beloved toy of Xom.
You were not hungry.

You visited 1 branch of the dungeon, and saw 2 of its levels.

You collected 42 gold pieces.

Inventory:

Hand weapons
 a - a +0 falchion of chaos (weapon)
Missiles
 h - 11 poisoned needles
Armour
 b - a +2 leather armour (worn)
Scrolls
 g - a scroll of magic mapping {unknown}
 j - a scroll of immolation {unknown}
 l - a scroll of blinking {unknown}
 o - a scroll of remove curse {unknown}
Potions
 e - a potion of flight {unknown}
 k - a potion of beneficial mutation {unknown}
 m - a potion of invisibility {unknown}
 n - a potion of brilliance {unknown}
Miscellaneous
 i - a phantom mirror
Comestibles
 c - 3 bread rations
 f - a meat ration


   Skills:
 - Level 4.0 Fighting
 + Level 2.8 Long Blades
 - Level 2.2 Armour
 - Level 0.8 Dodging


You had 2 spell levels left.
You didn't know any spells.

Dungeon Overview and Level Annotations

Branches:
Dungeon (2/15)

Altars:

Annotations:
D:2 Robin


Innate Abilities, Weirdness & Mutations

You have a pair of small antennae on your head.
Your flesh is cold resistant.


Message History

Unknown command.
Drink which item? (? for menu, Esc to quit)
It was a potion of curing.
You feel better.
Xom roars with laughter!
The hobgoblin misses you. The goblin completely misses you.
The hobgoblin hits you with a club.
* * * LOW HITPOINT WARNING * * *
The goblin hits you but does no damage. Robin barely misses you.
The goblin hits you.
* * * LOW HITPOINT WARNING * * *
The goblin hits you.
* * * LOW HITPOINT WARNING * * *
Unknown command.
Drink which item? (? for menu, Esc to quit)
You feel better. The goblin hits you with a dagger.
* * * LOW HITPOINT WARNING * * *
The goblin barely misses you. The hobgoblin hits you with a club.
* * * LOW HITPOINT WARNING * * *
The hobgoblin barely misses you. The goblin hits you.
You die...

# ##'#.#.............. #
#. #..................
#.#.###..............####
#.............####....##.
#...........)..........#.
#.?.........######.......
#......).................
#.......÷g.#.#...#.......
#.....[g@g...(...#.......
#.....gggg.......#.......
#.......g........#.......
#.......#....#...#.......
##...####.....<..........
#... #.......#* .#.#. #..
...#.... ,, ...#. #.
..#.... ,, ..,+. ,,,,,,,,
##


You could see Robin, 2 hobgoblins and 5 goblins.

Vanquished Creatures
  2 giant geckos (D:1)
  8 bats
  2 goblins (D:2)
  5 hobgoblins
  4 jackals (D:1)
  2 giant newts
  4 kobolds
  6 rats
33 creatures vanquished.

Vanquished Creatures (collateral kills)
  A goblin (D:2)
1 creature vanquished.

Grand Total: 34 creatures vanquished

Notes
Turn   | Place    | Note
--------------------------------------------------------------
     0 | D:1      | Monkaria the Demonspawn Chaos Knight began the quest for the Orb.
     0 | D:1      | Reached XP level 1. HP: 18/18 MP: 1/1
    40 | D:1      | Gained mutation: Your flesh is cold resistant. [demonic ancestry]
    40 | D:1      | Reached XP level 2. HP: 16/24 MP: 2/2
   397 | D:1      | Reached skill level 4 in Fighting
   538 | D:1      | XOM: divination: detect creatures
   550 | D:1      | XOM: god gift: phantom mirror
   669 | D:2      | Noticed Robin
   670 | D:2      | Gained mutation: You have a pair of small antennae on your head. [demonic ancestry]
   670 | D:2      | Reached XP level 3. HP: 30/30 MP: 3/3
   675 | D:2      | XOM: swap monsters
   678 | D:2      | XOM: 2-stop teleportation journey
   721 | D:2      | XOM: divination: magic mapping
   795 | D:2      | XOM: vitrification
   950 | D:2      | Slain by a goblin

Vault maps used:
D:1:      minmay_arrival_loop
D:2:      evilmike_ruin_ashenzari, first_bread, uniq_robin

Action                   || total
-------------------------++-------
Melee: Falchion          ||   120
  Use: Potion            ||     2
